Map: Frozen Temple

Players

Kelazhur - Winner!

  • Race: Terran Terran
  • League: Master
  • Spawn Location: 5:00

Smile

  • Race: Terran Terran
  • Spawn Location: 11:00

Event: Copa América 2016 Grand Finals

VOD

https://youtu.be/UhXLQRe3KPk

Description

Time

  • Played on: Oct. 13, 2016, 6:27 p.m.
  • Length: 11:24

All games in this series

Show
View Real Time Build Order
Export as new Build Order

Kelazhur Terran - Winner!

Build Orders: Reaper Expand, Bio Tank 

Get SALT Encoding   

  12  0:00  SCV  
  13  0:12  SCV  
  14  0:17  Supply Depot  
  14  0:24  SCV  
  14  0:27  Refinery  
  15  0:39  SCV  
  16  0:44  Barracks  
  16  0:51  SCV  
  17  1:03  SCV  
  18  1:16  SCV  
  19  1:33  Orbital Command  
  19  1:34  Reaper  
  20  1:44  Command Center  
  20  1:57  Factory  
  20  2:00  SCV  
  21  2:06  Barracks Reactor  
  21  2:10  Supply Depot  
  21  2:13  SCV  
  22  2:20  Refinery  
  22  2:25  SCV  
  23  2:38  SCV  
  23  2:44  Starport  
  23  2:49  Hellion x2  
  23  2:50  SCV  
  28  2:53  Barracks Tech Lab  
  28  3:00  Orbital Command  
  28  3:07  SCV  
  28  3:10  Hellion  
  31  3:15  Hellion  
  31  3:19  SCV  
  34  3:29  Viking  
  34  3:30  SCV  
  37  3:43  SCV  
  37  3:45  SCV  
  37  3:47  Marine x2, Cyclone  
  45  3:50  Supply Depot  
  45  3:56  Supply Depot, SCV  
  46  4:12  SCV  
  47  4:19  SCV  
  47  4:21  Marine x2  
  47  4:23  Supply Depot  
  50  4:24  SCV  
  48  4:31  SCV  
  48  4:36  SCV  
  48  4:37  Siege Tank  
  49  4:39  Marine x2, Supply Depot  
  49  4:42  Engineering Bay, Refinery  
  49  4:43  SCV  
  52  4:48  SCV  
  52  4:52  Medivac, Supply Depot  
  55  4:55  SCV  
  55  4:56  Barracks  
  55  5:00  SCV  
  56  5:10  SCV  
  57  5:14  SCV  
  57  5:15  Marine x2  
  58  5:23  Viking, SCV  
  58  5:27  SCV  
  62  5:32  Marine  
  62  5:33  Marine, Siege Tank  
  67  5:39  SCV x2  
  69  5:50  Marine x2  
  69  5:52  Barracks Tech Lab  
  69  5:56  Starport Reactor  
  71  5:57  SCV  
  71  5:58  Command Center  
  69  6:13  SCV  
  69  6:14  Marine  
  69  6:15  Marine x2  
  69  6:16  Stimpack, Siege Tank  
  76  6:19  Engineering Bay  
  76  6:20  SCV  
  76  6:21  Refinery  
  76  6:35  Marine x3  
  76  6:36  Viking x2  
  76  6:37  SCV  
  83  6:42  Supply Depot  
  83  6:43  SCV  
  83  6:46  Terran Infantry Weapons Level 1  
  84  6:48  Barracks  
  84  6:51  SCV  
  85  7:01  Supply Depot, SCV  
  86  7:04  Siege Tank  
  86  7:06  SCV  
  90  7:13  Orbital Command  
  90  7:14  Marine x3, SCV  
  94  7:16  Terran Infantry Armor Level 1  
  94  7:17  Armory  
  94  7:22  Supply Depot  
  94  7:24  Medivac  
  94  7:25  Medivac  
  94  7:27  Supply Depot  
  97  7:32  Marine x3  
  97  7:36  Armory, SCV x2, Orbital Command  
  102  7:41  Barracks Reactor  
  102  7:48  SCV  
  102  7:51  Marine x3  
  104  7:57  Barracks  
  107  7:58  SCV  
  107  7:59  Barracks  
  107  8:00  Bunker  
  107  8:02  SCV  
  107  8:03  SCV  
  109  8:06  Siege Tank  
  109  8:10  Medivac x2  
  116  8:13  SCV  
  116  8:15  Marine  
  116  8:16  Marine x2  
  116  8:19  SCV  
  121  8:23  SCV  
  121  8:29  Marine x2  
  121  8:32  SCV  
  124  8:37  Marine x3  
  125  8:45  SCV  
  125  8:46  Terran Infantry Weapons Level 2  
  125  8:47  Marine, Siege Tank  
  127  8:49  SCV  
  127  8:50  Marine  
  127  8:52  Barracks Reactor x2  
  127  8:54  Marine, SCV  
  127  8:55  Marine x2, Supply Depot, Refinery  
  130  8:56  Refinery  
  130  8:57  SCV  
  130  8:58  Supply Depot, Missile Turret x2  
  130  9:02  Combat Shields  
  129  9:04  Marine  
  129  9:08  Marine  
  131  9:12  Marine  
  131  9:13  Marine  
  134  9:18  Supply Depot  
  134  9:20  Supply Depot  
  134  9:21  Supply Depot  
  134  9:22  Marine  
  134  9:23  Siege Tank  
  137  9:28  Supply Depot  
  137  9:32  Marine x8, Missile Turret  
  137  9:34  Missile Turret  
  137  9:36  Medivac  
  137  9:37  Missile Turret  
  147  9:43  Medivac, Marine  
  150  9:50  Marine  
  150  9:53  Factory  
  150  9:55  Marine x3  
  150  9:58  Siege Tank  
  152  10:02  Marine x5  
  138  10:07  Marine  
  132  10:15  Marine  
  113  10:23  Marine  
  113  10:24  Marine x6  
  113  10:25  Marine  
  117  10:30  Siege Tank  
  117  10:32  Medivac x2  
  117  10:33  Marine  
  124  10:41  Marine x4  
  119  10:45  Marine  
  119  10:46  Marine x3  
  119  10:51  Marine  
  119  10:55  SCV  
  119  10:56  SCV x2  
  123  10:59  Marine x4  
  123  11:03  Marine  
  131  11:08  SCV  
Show
View Real Time Build Order
Export as new Build Order

Smile Terran 

Build Orders: 1/1/1, Liberator Opening, Bio Tank 

Get SALT Encoding   

  12  0:00  SCV  
  13  0:12  SCV  
  14  0:17  Supply Depot  
  14  0:24  Refinery  
  14  0:27  SCV  
  15  0:39  SCV  
  16  0:47  Barracks  
  16  0:52  SCV  
  17  0:58  Refinery  
  17  1:04  SCV  
  18  1:16  SCV  
  20  1:34  Factory, Reaper  
  20  1:37  Orbital Command  
  20  1:46  Supply Depot  
  20  2:02  SCV  
  20  2:06  Reaper  
  22  2:14  SCV  
  23  2:18  Hellion  
  23  2:19  Starport  
  25  2:26  Supply Depot  
  25  2:28  SCV  
  26  2:39  Reaper  
  26  2:40  Hellion, SCV  
  30  2:52  SCV  
  30  2:55  Medivac  
  33  2:58  Supply Depot  
  33  3:04  SCV  
  34  3:06  Hellion  
  36  3:14  Liberator, Barracks Reactor  
  36  3:19  SCV  
  37  3:31  Factory Tech Lab  
  40  3:35  SCV  
  41  3:44  Command Center  
  41  3:53  Siege Tank  
  44  3:58  Supply Depot  
  44  4:00  Marine  
  44  4:02  Marine  
  46  4:06  SCV  
  47  4:22  Viking  
  47  4:23  SCV  
  50  4:38  Marine x2  
  42  4:39  Siege Tank  
  42  4:41  SCV  
  45  4:55  Marine  
  45  4:56  Barracks  
  45  4:57  Orbital Command  
  45  4:59  Barracks  
  46  5:02  Marine  
  46  5:06  Starport Reactor  
  47  5:09  SCV  
  47  5:13  Siege Tank  
  48  5:21  SCV  
  49  5:23  Marine x2  
  49  5:24  SCV  
  52  5:33  Refinery  
  52  5:34  SCV  
  53  5:38  SCV  
  53  5:40  Marine x2  
  56  5:43  Barracks Tech Lab  
  56  5:46  Barracks Tech Lab, SCV  
  57  5:53  Medivac x2  
  57  5:54  Siege Tank  
  57  5:57  SCV  
  65  6:00  Supply Depot  
  64  6:04  Marine x2  
  64  6:06  Stimpack  
  64  6:09  Marine x2, SCV  
  69  6:11  Refinery  
  69  6:13  SCV  
  70  6:22  Marine  
  70  6:23  Barracks x2  
  71  6:28  SCV  
  66  6:37  SCV  
  66  6:39  Marine x2, Siege Tank  
  72  6:40  SCV  
  72  6:43  Combat Shields  
  73  6:49  SCV  
  73  6:50  Marine  
  73  6:51  Marine  
  73  6:52  SCV  
  73  6:53  Barracks x2  
  77  6:58  Marine  
  78  7:02  Supply Depot  
  78  7:06  Supply Depot  
  78  7:17  Supply Depot  
  78  7:18  Marine  
  78  7:24  Marine, Siege Tank, SCV x2  
  78  7:27  Medivac  
  78  7:28  Medivac  
  78  7:29  Supply Depot  
  88  7:36  Marine x2, SCV x2  
  90  7:47  Marine  
  90  7:48  Marine x3, Supply Depot, SCV x2  
  96  7:59  Marine x2  
  96  8:00  SCV  
  96  8:05  Siege Tank  
  102  8:09  Marine x2  
  102  8:11  Barracks Reactor  
  102  8:12  Barracks Reactor  
  104  8:18  Command Center  
  103  8:21  SCV  
  103  8:25  Medivac  
  103  8:26  Marine  
  105  8:36  SCV  
  105  8:37  Marine  
  100  8:51  Marine x2, Siege Tank  
  104  8:55  Marine x2  
  104  8:57  Engineering Bay  
  105  9:11  SCV  
  105  9:14  Marine x2  
  105  9:15  Marine  
  105  9:16  Marine, Medivac x2  
  114  9:19  Supply Depot, SCV  
  114  9:21  Marine x2  
  114  9:23  Terran Infantry Weapons Level 1  
  117  9:27  Marine  
  117  9:31  Siege Tank  
  121  9:36  SCV  
  122  9:41  Marine, Factory  
  123  9:46  Marine  
  124  10:03  Marine  
  124  10:04  Siege Tank  
  111  10:21  Marine, SCV  
  93  10:22  Marine  
  93  10:25  Marine x5  
  93  10:27  Orbital Command  
  88  10:28  Factory Tech Lab  
  88  10:35  Widow Mine  
  88  10:42  Marine, SCV  
  70  10:44  Marine  
  70  10:45  Marine x6  
  70  10:49  Medivac  
  70  10:51  Medivac  
  72  10:58  SCV  
  72  11:00  Marine  
  72  11:02  Marine x3  
  80  11:05  Marine x2  
Tags
 
Add a new tag
Caveats
  • Supply blocks, unpowered buildings, or Contaminate may cause inaccurate times.
  • Supply counts are checked every 10 seconds.